 Dungeon Crawl Stone Soup version 0.24-a0-181-gd121a6d (webtiles) character file.

Game seed: 12845717808176416120

1138 RoseArtemis the Insei (level 8, -4/54 HPs)
             Began as an Octopode Transmuter on Mar 15, 2019.
             Was a Follower of Lugonu.
             Slain by Edmund
             ... wielding a +3 flail of distortion
              (12 damage)
             ... on level 6 of the Dungeon.
             The game lasted 00:12:47 (7199 turns).

RoseArtemis the Insei (Octopode Transmuter)         Turns: 7199, Time: 00:12:47

Health: -4/54      AC:  1    Str:  9    XL:     8   Next: 37%
Magic:  13/13      EV: 13    Int: 18    God:    Lugonu [*.....]
Gold:   301        SH:  0    Dex: 12    Spells: 2/14 levels left

rFire    . . .     SeeInvis .     - Unarmed
rCold    . . .     Gourm    .   (no shield)
rNeg     . . .     Faith    .   (helmet restricted)
rPois    .         Spirit   .   (no amulet)
rElec    .         Reflect  .   (no ring)
rCorr    .         Harm     .   (no ring)
MR       .....                  (no ring)
Stlth    ++++......             (no ring)
HPRegen  0.18/turn              (no ring)
MPRegen  0.13/turn              (no ring)
                                (no ring)
                                (no ring)

@: no status effects
A: almost no armour, stealthy swim, amphibious, 8 rings, constrict 8, camouflage
1, gelatinous body 1
a: Depart the Abyss, Renounce Religion


You were on level 6 of the Dungeon.
You worshipped Lugonu.
Lugonu was aware of your devotion.
You were not hungry.

You visited 2 branches of the dungeon, and saw 7 of its levels.
You visited the Abyss 1 time.

You collected 383 gold pieces.
You paid 82 gold pieces to Gozag.

Inventory:

Missiles
 a - 105 arrows
 i - 59 poisoned needles
Wands
 l - a wand of paralysis (10)
 p - a wand of disintegration (15)
Scrolls
 e - 5 scrolls of remove curse
 f - 3 scrolls of teleportation
Potions
 b - 2 potions of lignification {unknown}
 d - a potion of cancellation {unknown}
 g - 2 potions of haste
 h - a potion of magic
 j - 2 potions of curing {unknown}
 k - 2 potions of heal wounds {unknown}
 m - 2 potions of degeneration {unknown}
 o - 2 potions of might {unknown}
Comestibles
 c - 7 rations


   Skills:
 + Level 3.8 Fighting
 - Level 2.0 Dodging
 + Level 4.9 Stealth
 + Level 5.2 Unarmed Combat
 + Level 3.9 Spellcasting
 - Level 5.0 Transmutations
 + Level 2.8 Ice Magic


You had 2 spell levels left.
You knew the following spells:

 Your Spells              Type           Power        Failure   Level  Hunger
a - Beastly Appendage     Tmut           ###...       1%          1    None
b - Sticks to Snakes      Tmut           ###.....     3%          2    ##.....
c - Ice Form              Ice/Tmut       ###.....     28%         4    ####...
d - Blade Hands           Tmut           ###.......   47%         5    ######.

Your spell library contained the following spells:

 Spells                   Type           Power        Failure   Level  Hunger
 Spider Form              Tmut/Pois      ##........   16%         3    ###....


Dungeon Overview and Level Annotations

Branches:
Dungeon (6/15)             Temple (1/1) D:5

Altars:
Ashenzari
Cheibriados
Dithmenos
Elyvilon
Fedhas
Gozag
Hepliaklqana
Makhleb
Nemelex Xobeh
Okawaru
Qazlal
Ru
Sif Muna
Trog
Uskayaw
Wu Jian
Xom
Yredelemnul
The Shining One

Annotations:
D:6 Edmund


Innate Abilities, Weirdness & Mutations

You cannot wear most types of armour.
You are very stealthy in the water. (Stealth+)
You are amphibious.
You can wear up to eight rings at the same time.
You can use your tentacles to constrict eight enemies at once.
Your skin changes colour to match your surroundings (Stealth+).
Your rubbery body absorbs attacks. (AC +1, EV +1)


Message History

* * * LOW HITPOINT WARNING * * *
You tentacle-slap Edmund but do no damage.
You grab Edmund. You constrict Edmund.
Edmund hits you with a +3 flail of distortion.
* * * LOW HITPOINT WARNING * * *
You blink.
You lose your grip on Edmund.
Gozag petitions for your drink to fail.
Edmund hits you with a +3 flail of distortion.
* * * LOW HITPOINT WARNING * * *
Space bends around you.
* * * LOW HITPOINT WARNING * * *
You see here 7 gold pieces.
There is a stone staircase leading up here.
Your transformation is almost over.
You see here 15 stones.
Edmund says, "A flail is better than a scythe, any day of the week!"
Your tentacle spike disappears.
Edmund asks, "Have you met my wondrous brother?"
Edmund hits you with a +3 flail of distortion!
You die...

#.# #.# #.# #.# #.# #.#
#.# #.# #.# # #.# #.#
#.##>####### #.#
#...........
#.#########.########
#.....@@...........#
###########......#.##..
###.##......#
##.###.###... #......#
.#. #..###(###.#.
#.#.##.....#.
#.##.#.#.###. #.#
#...<....


You could see Edmund.

Vanquished Creatures
  An ice beast (D:5)
  A sky beast (D:5)
  A black bear (D:6)
  A centaur (D:5)
  A bullfrog (D:6)
  A scorpion (D:4)
  2 crimson imps
  A bullfrog skeleton (D:6)
  2 centaur skeletons
  An orc priest (D:5)
  4 orc wizards
  An iguana (D:6)
  2 worker ants
  A hound skeleton (D:6)
  4 gnolls (D:4)
  10 adders
  A shadow imp (D:6)
  3 oozes
  2 adder skeletons
  4 worms
  3 dart slugs
  5 leopard geckos
  14 orcs
  5 giant cockroaches
  11 goblins
  6 hobgoblins
  10 jackals
  5 quokkas
  7 bats
  5 frilled lizards
  8 kobolds
  A leopard gecko skeleton (D:4)
  7 rats
131 creatures vanquished.

Notes
Turn   | Place    | Note
-------+----------+-------------------------------------------
     0 | D:1      | RoseArtemis the Octopode Transmuter began the quest for the
                  | Orb.
     0 | D:1      | Reached XP level 1. HP: 13/13 MP: 3/3
   280 | D:1      | Reached XP level 2. HP: 18/18 MP: 5/5
   458 | D:1      | Reached skill level 1 in Stealth
   718 | D:1      | Reached XP level 3. HP: 22/23 MP: 6/6
  1472 | D:2      | Reached XP level 4. HP: 15/29 MP: 7/7
  2511 | D:3      | Reached XP level 5. HP: 29/34 MP: 8/8
  2812 | D:3      | Learned a level 2 spell: Sticks to Snakes
  2817 | D:3      | Learned a level 4 spell: Ice Form
  3341 | D:3      | Reached XP level 6. HP: 39/39 MP: 10/10
  4251 | D:4      | Reached skill level 1 in Ice Magic
  4847 | D:5      | Entered Level 5 of the Dungeon
  4858 | D:5      | Reached XP level 7. HP: 14/45 MP: 11/11
  6241 | D:5      | Learned a level 5 spell: Blade Hands
  6307 | D:5      | Found a staircase to the Ecumenical Temple.
  6316 | Temple   | Entered the Ecumenical Temple
  6475 | Temple   | Became a worshipper of Gozag Ym Sagoz the Greedy
  6670 | D:6      | Reached XP level 8. HP: 42/52 MP: 13/13
  6682 | D:6      | Found a sacrificial altar of Ru.
  6788 | D:6      | Reached skill level 5 in Unarmed Combat
  6887 | D:6      | Found a shimmering altar of Xom.
  6887 | D:6      | Found a shadowy altar of Dithmenos.
  6901 | D:6      | Reached skill level 5 in Transmutations
  6940 | D:6      | Noticed Edmund
  7147 | D:6      | Cast into level 1 of the Abyss (Edmund)
  7148 | Abyss:1  | Found a corrupted altar of Lugonu.
  7154 | Abyss:1  | Fell from the grace of Gozag
  7154 | Abyss:1  | Became a worshipper of Lugonu the Unformed
  7154 | Abyss:1  | Reached * piety under Lugonu
  7157 | D:6      | Escaped the Abyss
  7199 | D:6      | Slain by Edmund

Levels and vault maps discovered:
D:1:      psy_arrival_basics, layout_basic, minmay_stone_trees_large,
          minmay_misc_feat_room, minmay_crystal_water, corexii_corridor_pit,
          fountainhead
D:2:      layout_basic
D:3:      layout_loops_cross, first_ration, minmay_increasing_density
D:4:      layout_loops_ring
D:5:      layout_loops_ring, minmay_temple_entry_fiery
D:6:      layout_loops_ring, grunt_temple_overflow_open,
          nicolae_ru_awakened_eye, uniq_edmund
Temple:   eino_temple_rhombus
Abyss:1

Skill      XL: |  1  2  3  4  5  6  7  8 |
---------------+-------------------------+-----
Stealth        | 1 2 3 4 |  4.9
Unarmed Combat | 4 5 |  5.2
Fighting       | 2 3 |  3.8
Transmutations | 3 4 5 |  5.0
Spellcasting   | 3 |  3.9
Ice Magic      | 1 2 |  2.8
Dodging        | |  2.0

Action                   |  1- 3 |  4- 6 |  7- 9 || total
-------------------------+-------+-------+-------++-------
Melee: Unarmed           |    89 |   184 |   111 ||   384
       Constrict         |    23 |    39 |    21 ||    83
       Tentacles         |    11 |    35 |    20 ||    66
       Kick              |     2 |    11 |     9 ||    22
       Punch             |       |     8 |     4 ||    12
 Cast: Beastly Appendage |     2 |     7 |     6 ||    15
  Use: Scroll            |     3 |     3 |     1 ||     7
 Stab: Sleeping          |     5 |    18 |     5 ||    28
       Distracted        |       |     1 |       ||     1
  Eat: Chunk             |     1 |    11 |     4 ||    16
       Ration            |       |       |     1 ||     1
Armor: Skin              |     6 |     7 |     3 ||    16
Dodge: Dodged            |    57 |    86 |    65 ||   208

Table legend:
 A = Non-vault XP
 B = Vault XP
 C = Vault XP percentage of total XP
 D = Non-vault monster count
 E = Vault monster count
 F = Vault count percentage of total count
                 A         B        C        D         E       F
            +---------+---------+-------+---------+---------+-------
      Total |    1587 |      39 |   2.4 |     123 |       8 |   6.1
            +---------+---------+-------+---------+---------+-------
        D:1 |      65 |       0 |   0.0 |      32 |       0 |   0.0
        D:2 |      91 |       0 |   0.0 |      24 |       0 |   0.0
        D:3 |     139 |      39 |  21.9 |      27 |       8 |  22.9
        D:4 |     226 |       0 |   0.0 |      11 |       0 |   0.0
        D:5 |     604 |       0 |   0.0 |      17 |       0 |   0.0
        D:6 |     462 |       0 |   0.0 |      12 |       0 |   0.0
            +---------+---------+-------+---------+---------+-------
